 Dungeon Crawl Stone Soup version 0.18-a0-820-gb085b11 (webtiles) character file.

14434 Banto the Unseen (level 11, -5/75 HPs)
             Began as a Felid Berserker on Dec 16, 2015.
             Was the Champion of Trog.
             Slain by Rupert
             ... wielding a +1 triple sword of draining
              (14 damage)
             ... on level 5 of the Lair of Beasts.
             The game lasted 00:24:36 (14874 turns).

Banto the Unseen (Felid Berserker)                 Turns: 14874, Time: 00:24:36

Health: -5/75      AC:  5    Str: 18    XL:     11   Next: 88%
Magic:  12/12      EV: 29    Int:  9    God:    Trog [******]
Gold:   832        SH:  2    Dex: 24    Spells: 0 memorised, 10 levels left
                                        Lives:  0   Deaths: 3

rFire  + . .     SeeInvis +       - Unarmed
rCold  . . .     Gourm    .     (armour unavailable)
rNeg   . . .     Faith    .     (shield unavailable)
rPois  .         Spirit   .     (helmet unavailable)
rElec  .         Dismiss  .     (cloak unavailable)
rCorr  .         Reflect  .     (gloves unavailable)
SustAt .         Harm     .     (boots unavailable)
MR     +....                    C - amulet of regeneration
Stlth  ..........               c - ring of protection from fire
                                o - +5 ring of dexterity

@: berserking (expiring), heavily drained, very quick, somewhat resistant to
hostile enchantments, extremely unstealthy
A: no armour, no weapons or thrown items, claws 1, fangs 3, icy blue scales 1,
large bone plates 1, see invisible, carnivore 3, speed 1, shaggy fur 2, slow
metabolism 1, sharp paws
a: Berserk, Trog's Hand, Brothers in Arms, Burn Spellbooks, Renounce Religion


You were on level 5 of the Lair of Beasts.
You worshipped Trog.
Trog was exalted by your worship.
You were very full.

You visited 2 branches of the dungeon, and saw 16 of its levels.

You collected 1062 gold pieces.
You spent 230 gold pieces at shops.

Inventory:

Jewellery
 c - a ring of protection from fire (right paw)
 d - an uncursed ring of ice
 o - a +5 ring of dexterity (left paw)
 t - an uncursed ring of protection from fire
 A - an uncursed ring of flight
 C - an amulet of regeneration (around neck)
Wands
 l - a wand of teleportation (7)
 n - a wand of draining (12)
 r - a wand of magic darts (34)
 F - a wand of cold (8)
 G - a wand of fire (0)
 H - a wand of fire (5)
Scrolls
 b - 4 scrolls of recharging
 e - 7 scrolls of remove curse
 g - 7 scrolls of identify
 m - 3 scrolls of immolation
 p - 2 scrolls of teleportation
 w - 2 scrolls of summoning
 x - 3 scrolls of fear
 y - 3 scrolls of blinking
Potions
 f - 4 potions of invisibility
 h - 6 potions of heal wounds
 k - 4 potions of curing
 q - 4 potions of might
 v - 2 potions of haste
 B - 2 potions of flight
 D - a potion of cure mutation
 E - a potion of brilliance
Miscellaneous
 z - a stone of tremors (inert)
Comestibles
 a - 8 meat rations
 i - a royal jelly
 j - 9 beef jerkies
 s - 7 slices of pizza


   Skills:
 - Level 7.0(5.6) Fighting
 - Level 11.1(9.6) Dodging
 - Level 16.0(14.3) Stealth
 + Level 15.2(13.6) Unarmed Combat


You had 10 spell levels left.
You didn't know any spells.

Dungeon Overview and Level Annotations

Branches:
Dungeon (11/15)            Temple (0/1) D:5            Lair (5/8) D:9
  Snake (0/4) Lair:3          Orc (0/2) D:9
  Swamp: Lair:3-6    Shoals: Lair:3-6

Altars:
Ashenzari
Cheibriados
Elyvilon
Fedhas
Gozag
Makhleb
Ru
Xom
Yredelemnul

Shops:
D:5 %   D:6 *

Annotations:
Lair:5 Rupert


Innate Abilities, Weirdness & Mutations

You cannot wear armour.
You are incapable of wielding weapons or throwing items.
You have sharp claws.
You have razor-sharp teeth.
You have supernaturally acute eyesight.
You are carnivorous and can eat meat at any time.
You cover ground quickly.
You are covered in thick fur (AC +2).
You have a slow metabolism.
Your sharp claws are effective at attacking unaware monsters.
You are partially covered in icy blue scales (AC +1).
You are partially covered in large bone plates (AC +2, SH +2).


Message History

Rupert is severely wounded.
You claw Rupert!
Rupert is severely wounded.
Rupert hits you with a triple sword of draining!!
You feel drained.
* * * LOW HITPOINT WARNING * * *
You closely miss Rupert.
Rupert is severely wounded.
You barely miss Rupert. You bite Rupert!
Rupert is severely wounded.
Rupert hits you with a triple sword of draining!
* * * LOW HITPOINT WARNING * * *
You feel drained.
* * * LOW HITPOINT WARNING * * *
You claw Rupert! Your bite misses Rupert.
Rupert is almost dead.
You barely miss Rupert.
Rupert is almost dead.
Rupert hits you with a triple sword of draining!
You die...

#........ .# #####
#........
.[.###P..#####........
...........##..@......
.............#.....#.
.............##...#...
.............# .......
.........@..## .......
........@<#.# .......
.........P### ....##.
.........## ..P##
#.....#.## .P.#
####....# #......
###.P.. ###.. ....


You could see Rupert (berserk).

Vanquished Creatures
  Snorg (Lair:4)
  Fannar (Lair:1)
  A yaktaur captain (D:9)
  Harold (Lair:3)
  A hydra (Lair:3)
  3 skeletal warriors (D:11)
  A flayed ghost (D:9)
  An unseen horror (D:11)
  An oklob plant (Lair:2)
  A griffon (D:9)
  A hill giant (D:10)
  An ugly thing (D:11)
  4 elephants (Lair:2)
  A cyclops (D:11)
  2 black mambas (Lair:2)
  4 spiny frogs
  A komodo dragon (Lair:3)
  2 trolls
  4 blink frogs (Lair:4)
  Sigmund (D:4)
  A wraith (D:11)
  A hog (D:10)
  A vampire (D:9)
  2 wyverns
  A basilisk (Lair:2)
  11 yaks
  4 hippogriffs
  A human (D:10)
  4 wolves (Lair:3)
  7 porcupines
  3 sky beasts
  8 water moccasins
  3 ice beasts
  4 orc warriors
  2 wasps
  3 phantoms
  2 black bears
  8 ogres
  A necrophage (D:8)
  11 centaurs
  6 crocodiles
  An eye of draining (D:9)
  4 big kobolds
  9 giant frogs
  9 killer bees
  A water moccasin skeleton (D:10)
  8 wights
  3 scorpions
  4 crimson imps
  4 orc priests
  A quasit (D:10)
  A giant frog zombie (D:9)
  A centaur zombie (D:5)
  A jelly (D:11)
  2 gnoll shamans (D:8)
  11 orc wizards
  5 worker ants
  8 hounds
  2 giant frog skeletons
  Natasha (thrice) (D:3)
  2 iguanas
  2 killer bee zombies
  4 sheep
  2 hound zombies
  2 worker ant zombies
  A hound skeleton (D:4)
  Robin (D:3)
  18 adders
  20 gnolls
  37 river rats
  4 shadow imps
  An ooze (D:1)
  2 adder skeletons (D:9)
  2 worms (D:4)
  5 giant geckos
  24 orcs
  A ball python (D:2)
  6 giant cockroaches
  10 hobgoblins
  18 jackals
  5 quokkas
  19 bats
  3 giant gecko skeletons
  A giant gecko zombie (D:5)
  6 giant newts
  14 goblins
  A jackal skeleton (D:5)
  22 kobolds
  2 quokka skeletons
  A quokka zombie (D:5)
  19 rats
  3 plants
453 creatures vanquished.

Vanquished Creatures (collateral kills)
  Urug (Lair:4)
1 creature vanquished.

Vanquished Creatures (others)
  An unseen horror (shapeshifter) (D:9)
  A fungus (Lair:2)
  A plant (D:8)
3 creatures vanquished.

Grand Total: 457 creatures vanquished

Notes
Turn   | Place    | Note
--------------------------------------------------------------
     0 | D:1      | Banto the Felid Berserker began the quest for the Orb.
     0 | D:1      | Reached XP level 1. HP: 10/10 MP: 2/2
   547 | D:1      | Reached XP level 2. HP: 14/14 MP: 3/3
  1323 | D:2      | Reached XP level 3. HP: 17/17 MP: 4/4
  1351 | D:2      | Reached ** piety under Trog
  1618 | D:2      | Reached skill level 5 in Dodging
  1911 | D:3      | Noticed Robin
  1937 | D:3      | Reached XP level 4. HP: 22/22 MP: 5/5
  1947 | D:3      | Killed Robin
  2246 | D:3      | Gained mutation: You are partially covered in icy blue scales (AC +1). [potion of beneficial mutation]
  2482 | D:3      | Reached *** piety under Trog
  2482 | D:3      | Reached XP level 5. HP: 19/25 MP: 6/6
  2715 | D:3      | Noticed Natasha
  2729 | D:3      | Killed Natasha
  3245 | D:3      | Reached skill level 6 in Dodging
  3529 | D:4      | Noticed Sigmund
  3537 | D:3      | Noticed Natasha
  3547 | D:3      | Killed Natasha
  3840 | D:4      | Killed Sigmund
  3840 | D:4      | Reached skill level 5 in Fighting
  3840 | D:4      | Gained mutation: You are covered in thick fur (AC +2). [Felid growth]
  3840 | D:4      | Reached XP level 6. HP: 30/30 MP: 7/7
  3857 | D:3      | Noticed Natasha
  3862 | D:3      | Killed Natasha
  4293 | D:4      | Reached skill level 5 in Unarmed Combat
  4472 | D:4      | Reached XP level 7. HP: 23/33 MP: 8/8
  4567 | D:4      | Reached skill level 7 in Dodging
  4887 | D:5      | Entered Level 5 of the Dungeon
  5022 | D:5      | Reached **** piety under Trog
  5102 | D:5      | Found Xysox's Food Boutique.
  5246 | D:5      | Found a sacrificial altar of Ru.
  5326 | D:5      | Found a staircase to the Ecumenical Temple.
  5441 | D:5      | Reached skill level 8 in Dodging
  6118 | D:6      | Found Ymiox's General Store.
  6132 | D:6      | Bought a potion of haste for 100 gold pieces
  6132 | D:6      | Bought a scroll of summoning for 95 gold pieces
  6132 | D:6      | Bought a scroll of fear for 35 gold pieces
  6159 | D:6      | Reached XP level 8. HP: 38/38 MP: 9/9
  6282 | D:6      | Found a burning altar of Makhleb.
  6535 | D:6      | Reached skill level 9 in Dodging
  6960 | D:7      | Reached skill level 10 in Dodging
  6975 | D:7      | Reached ***** piety under Trog
  7238 | D:7      | Reached XP level 9. HP: 33/41 MP: 10/10
  7770 | D:7      | Gained mutation: You are dopey. (Int -2) [mutagenic meat]
  7771 | D:7      | Gained mutation: Your body sometimes deteriorates upon taking damage. [mutagenic meat]
  7772 | D:7      | Gained mutation: You are partially covered in large bone plates (AC +2, SH +2). [mutagenic meat]
  7773 | D:7      | Gained mutation: Your body often deteriorates upon taking damage. [mutagenic meat]
  7802 | D:8      | Reached skill level 11 in Dodging
  7854 | D:8      | Reached skill level 1 in Stealth
  8009 | D:8      | Reached skill level 5 in Stealth
  8354 | D:8      | Found a white marble altar of Elyvilon.
  8357 | D:8      | Found a snail-covered altar of Cheibriados.
  8360 | D:8      | Found a blossoming altar of Fedhas.
  8680 | D:8      | Reached skill level 10 in Unarmed Combat
  8704 | D:8      | Reached XP level 10. HP: 45/45 MP: 11/11
  9084 | D:8      | Found a basalt altar of Yredelemnul.
  9090 | D:8      | Found a burning altar of Makhleb.
  9090 | D:8      | Found a shimmering altar of Xom.
  9117 | D:9      | Found a shattered altar of Ashenzari.
  9155 | D:9      | Found a staircase to the Orcish Mines.
  9317 | D:9      | Reached ****** piety under Trog
  9581 | D:9      | Found a staircase to the Lair.
  9675 | D:9      | Found a runed door.
  9675 | D:9      | Noticed a griffon
  9684 | D:9      | Killed a griffon
  9847 | D:9      | Lost mutation: Your body often deteriorates upon taking damage. [potion of mutation]
  9847 | D:9      | Gained mutation: Your spells are a little easier to cast, but a little less powerful. [potion of mutation]
  9856 | D:9      | Noticed a yaktaur captain
  9857 | D:9      | Noticed a black mamba
  9857 | D:9      | a black bear changed into a black mamba
  9858 | D:9      | Noticed a flayed ghost
  9859 | D:9      | Noticed an unseen horror
  9859 | D:9      | a black mamba changed into an unseen horror
  9859 | D:9      | Killed an unseen horror
  9873 | D:9      | Killed a flayed ghost
  9873 | D:9      | Shot with a bolt by a yaktaur captain
  9874 | D:9      | Reached XP level 9. HP: -4/41 MP: 10/10
  9912 | D:9      | Reached skill level 10 in Stealth
  9969 | D:9      | Killed a yaktaur captain
  9969 | D:9      | Reached XP level 10. HP: 29/45 MP: 11/11
 10075 | D:9      | Gained mutation: You have a pair of small horns on your head. [mutagenic meat]
 10139 | D:10     | Entered Level 10 of the Dungeon
 10342 | D:10     | Noticed a hill giant
 10360 | D:10     | Killed a hill giant
 10837 | D:11     | Noticed an unseen horror
 10948 | D:11     | Killed an unseen horror
 10948 | D:11     | Reached skill level 12 in Stealth
 11052 | D:11     | Demolished by an orc warrior
 11053 | D:11     | Reached XP level 9. HP: -16/41 MP: 10/10
 11088 | D:11     | Noticed a skeletal warrior
 11090 | D:11     | Noticed a skeletal warrior
 11090 | D:11     | Noticed a skeletal warrior
 11090 | D:11     | Noticed a cyclops
 11091 | D:11     | Reached XP level 10. HP: 45/45 MP: 11/11
 11109 | D:11     | Killed a skeletal warrior
 11119 | D:11     | Killed a skeletal warrior
 11119 | D:11     | Reached skill level 13 in Stealth
 11177 | D:11     | Killed a skeletal warrior
 11183 | D:11     | Killed a cyclops
 11302 | D:11     | Lost mutation: Your spells are a little easier to cast, but a little less powerful. [mutagenic meat]
 11303 | D:11     | Gained mutation: Your magical capacity is low (-10% MP). [mutagenic meat]
 11304 | D:11     | Gained mutation: Your body often deteriorates upon taking damage. [mutagenic meat]
 11552 | D:11     | Reached skill level 14 in Stealth
 11683 | D:11     | Noticed a white ugly thing
 11692 | D:11     | Killed a white ugly thing
 11859 | D:11     | Reached XP level 11. HP: 48/48 MP: 10/10
 11995 | Lair:1   | Entered Level 1 of the Lair of Beasts
 12074 | Lair:1   | Noticed Fannar
 12093 | Lair:1   | Killed Fannar
 12425 | Lair:1   | Lost mutation: Your magical capacity is low (-10% MP). [potion of cure mutation]
 12425 | Lair:1   | Lost mutation: You are dopey. (Int -2) [potion of cure mutation]
 12425 | Lair:1   | Lost mutation: Your body often deteriorates upon taking damage. [potion of cure mutation]
 12425 | Lair:1   | Lost mutation: Your body sometimes deteriorates upon taking damage. [potion of cure mutation]
 12425 | Lair:1   | Lost mutation: You have a pair of small horns on your head. [potion of cure mutation]
 12782 | Lair:2   | Reached skill level 15 in Stealth
 12808 | Lair:2   | Slain by a black mamba
 12809 | Lair:2   | Reached XP level 10. HP: -2/45 MP: 11/11
 12937 | Lair:2   | Killed a black mamba
 13031 | Lair:2   | Noticed an oklob plant
 13036 | Lair:2   | Found an opulent altar of Gozag.
 13041 | Lair:2   | Killed an oklob plant
 13197 | Lair:2   | Reached XP level 11. HP: 48/48 MP: 12/12
 13409 | Lair:2   | Reached skill level 16 in Stealth
 13638 | Lair:3   | Found a staircase to the Snake Pit.
 13718 | Lair:3   | Noticed Harold
 13745 | Lair:3   | Killed Harold
 14100 | Lair:3   | Noticed an eight-headed hydra
 14107 | Lair:3   | Killed an eight-headed hydra
 14311 | Lair:4   | Noticed Snorg
 14314 | Lair:4   | Killed Snorg
 14314 | Lair:4   | Reached skill level 15 in Unarmed Combat
 14384 | Lair:4   | Noticed Rupert
 14410 | Lair:4   | Noticed Urug
 14428 | Lair:4   | Killed Urug
 14775 | Lair:4   | Identified a scroll of acquirement
 14874 | Lair:5   | Slain by Rupert

Vault maps used:
D:1:      matt_arrival_grand_opening
D:3:      uniq_robin, uniq_natasha
D:4:      uniq_sigmund
D:5:      lemuel_crystal_altar, minmay_temple_entry_hall, serial_shops,
          shop_fountains, first_bread, serial_co_window_serial,
          co_window_of_opportunity_a, co_window_paths_a, co_window_corner_a,
          co_window_paths_b, co_window_of_opportunity_a, co_window_corner_cb,
          co_window_of_opportunity_c, co_window_corner_ca, co_window_paths_c,
          co_window_corner_b, co_window_4corner_a, glass_columns_c,
          glass_columns_a, glass_columns_a, glass_columns_b
D:6:      basic_altar, serial_shops, shop_fountains
D:8:      kennysheep_housing_project, minitemple, grunt_temple_overflow_diamond
D:9:      lemuel_crystal_altar, grunt_lair_entry_orc_guard_hut, orc_0_dummy,
          serial_column_ruins, column_ruins_open_small,
          column_ruins_corridor_dead_end, column_ruins_columns_corner,
          column_ruins_open_small, column_ruins_open_large, minivault_13
D:10:     grunt_livestock, kennysheep_generic_room_10
D:11:     grunt_ministairs_15, roderic_aztec_sauvastika
Lair:1:   uniq_fannar
Lair:2:   lemuel_oklob_altar, grunt_megastairs_5, serial_bayou_shore_a,
          lemuel_fruit_tree
Lair:3:   dummy_snake_entry, infiniplex_staircase_pool_2, serial_bayou_shore_b,
          uniq_harold
Lair:4:   uniq_snorg, uniq_urug, uniq_rupert
Lair:5:   elwin_shoals_entry_stream, beast_lair_carwin_2, serial_bayou_shore_b

Action                   |  1- 3 |  4- 6 |  7- 9 | 10-12 || total
-------------------------+-------+-------+-------+-------++-------
Melee: Unarmed           |    87 |   154 |   473 |   646 ||  1360
Invok: Berserk           |     3 |     5 |     8 |    11 ||    27
       Trog's Hand       |       |     2 |     5 |     4 ||    11
       Burn Spellbooks   |       |       |       |     4 ||     4
Evoke: Wand              |       |       |     9 |     5 ||    14
       Stone of tremors  |       |       |       |     1 ||     1
  Use: Scroll            |     1 |     6 |     9 |    12 ||    28
       Potion            |       |     1 |       |     2 ||     3
 Stab: Sleeping          |     5 |     5 |    14 |    55 ||    79
       Distracted        |       |       |       |     5 ||     5
  Eat: Chunk             |    12 |    11 |    20 |    44 ||    87
